 Dungeon Crawl Stone Soup version 0.30-a0-743-gbfdf073431 (webtiles) character file.

Game seed: 12212630004703376195

385 Majang the Chopper (level 6, -1/39 HPs)
             Began as a Tengu Berserker on Feb 8, 2023.
             Was a Believer of Trog.
             Killed from afar by an orc wizard (6 damage)
             ... with a puff of flame
             ... on level 4 of the Dungeon.
             The game lasted 00:07:49 (2398 turns).

Majang the Chopper (Tengu Berserker)                Turns: 2398, Time: 00:07:50

Health: -1/39      AC:  8    Str: 20    XL:     6   Next: 77%
Magic:  7/7        EV: 12    Int:  7    God:    Trog [**....]
Gold:   130        SH:  0    Dex: 13    Spells: 5/5 levels left

rFire   . . .      SeeInvis .    a - +0 hand axe
rCold   . . .      Faith    .    (no shield)
rNeg    . . .      Spirit   .    h - +0 scale mail
rPois   +          Reflect  .    (helmet restricted)
rElec   .          Harm     .    n - +1 cloak {rPois}
rCorr   .          Rampage  .    (no gloves)
Will    .....                    (boots unavailable) Stlth
                                 (no amulet)
HPRegen 0.26/turn                (no ring)
MPRegen 0.10/turn                (no ring)

@: flying quickly and evasively, quick
A: beak, talons 3, nimble flight
a: Renounce Religion, Berserk, Trog's Hand


You were on level 4 of the Dungeon.
You worshipped Trog.
Trog was pleased with you.
You visited 1 branch of the dungeon, and saw 4 of its levels.

You collected 180 gold pieces.
You spent 50 gold pieces at shops.

Inventory:

Hand Weapons
 a - a +0 hand axe (weapon)
 t - a +2 flail of holy wrath
Armour
 b - a +0 animal skin
 g - a +0 ring mail
 h - a +0 scale mail (worn)
 n - a +1 cloak of poison resistance (worn)
 u - a +0 chain mail
Jewellery
 c - a ring of fire
 r - a +4 ring of protection
Scrolls
 d - a scroll of immolation {unknown}
 f - a scroll of magic mapping {unknown}
 j - 2 scrolls of identify {unknown}
 l - a scroll of vulnerability {unknown}
 o - a scroll of teleportation {unknown}
 q - 2 scrolls of blinking {unknown}
Potions
 e - 2 potions of berserk rage {unknown}
 i - a potion of brilliance {unknown}
 k - 2 potions of heal wounds
 m - a potion of mutation {unknown}
 p - a potion of haste {unknown}
 s - a potion of flight {unknown}


   Skills:
 + Level 4.4 Fighting
 * Level 6.1 Axes
 + Level 3.0 Armour
 + Level 3.0 Dodging
 + Level 1.7 Stealth


You had 5 spell levels left.
You didn't know any spells.
Your spell library was empty.

Dungeon Overview and Level Annotations

Branches:
Dungeon (4/15)
 Temple: D:4-7

Altars:
Ru

Shops:
D:1 [   D:2 !


Innate Abilities, Weirdness & Mutations

You have a beak for a mouth.
You have claws for feet.
Your magical nature lets you fly swiftly and evasively.


Message History

You start resting.
You are no longer berserk.
You are exhausted.
You feel yourself slow down.
You start resting.
HP restored.
You start waiting.
You feel yourself speed up.
You now have 130 gold pieces (gained 13).
You recover from your berserk rage.
k - 2 potions of heal wounds (gained 1)
q - 2 scrolls labelled VOUF YPURIOSS (gained 1)
You see here a +1 helmet of see invisible.
There is a stone staircase leading down here.
An ogre comes into view. It is wielding a +0 giant club.
An orc comes into view. It is wielding a +0 short sword.
The orc shouts!
The ogre shouts!
An orc wizard comes into view. It is wielding a +0 dagger.
A hobgoblin comes into view.
The hobgoblin shouts!
You hit the ogre.
The ogre is lightly wounded.
You hear a shout! x2
An orc comes into view. It is wielding a +0 hand axe.
A phantom comes into view.
The ogre closely misses you.
You hit the ogre. You claw the ogre, but do no damage.
The ogre is moderately wounded.
You slash the ogre! You claw the ogre.
The ogre is heavily wounded.
The ogre hits you with a +0 giant club!
You fail to use your ability.
The ogre hits you with a +0 giant club!!
Ouch! That really hurt!
* * * LOW HITPOINT WARNING * * *
An orc wizard comes into view. It is wielding a +0 dagger.
The orc wizard shouts!
The orc wizard gestures at you while chanting.
The puff of flame hits you.
You die...

###...........##.##.....
#.......÷...........##..
..#...........##.#####..
#.......÷..............#
.#....<...............#
.##....................#
..#..#...##.......>....#
...............##.###...
.......@..####....##....
.o........###.....##.##.
...........##.#...#..##.
.......O......##....###. .
.......o.[..............
#..W#########o....##..#..####.
...o..g.oo....#.#.....#.......
#...#######...#.##............
# ####....#.....#..........


You could see an ogre, 2 orc wizards and an orc.

Vanquished Creatures
  Edmund (D:4)
  A necrophage (D:4)
  Terence (D:2)
  An iguana (D:3)
  Natasha (twice) (D:2)
  6 adders
  A worm (D:3)
  3 dart slugs
  An orc (D:3)
  2 bats (D:3)
  4 endoplasms
  3 giant cockroaches
  7 goblins
  4 hobgoblins
  4 quokkas
  6 ball pythons
  3 frilled lizards
  2 kobolds
  5 rats
57 creatures vanquished.

Notes
Turn   | Place    | Note
-------+----------+-------------------------------------------
     0 | D:1      | Majang the Tengu Berserker began the quest for the Orb.
     0 | D:1      | Reached XP level 1. HP: 14/14 MP: 2/2
   134 | D:1      | Reached XP level 2. HP: 19/19 MP: 3/3
   179 | D:1      | Found a faded altar of an unknown god.
   191 | D:1      | Found a faded altar of an unknown god.
   381 | D:1      | Reached skill level 4 in Axes
   464 | D:1      | Reached XP level 3. HP: 23/23 MP: 4/4
   492 | D:1      | Found Ifemof's Armour Shop.
   672 | D:2      | Noticed Natasha
   703 | D:2      | Killed Natasha
   703 | D:2      | Reached ** piety under Trog
   704 | D:2      | Reached XP level 4. HP: 21/29 MP: 5/5
   763 | D:2      | Found Paliump's Distillery.
   771 | D:2      | Bought a potion of heal wounds for 50 gold pieces
   928 | D:2      | Reached skill level 5 in Axes
  1180 | D:2      | Noticed Natasha
  1185 | D:2      | Killed Natasha
  1186 | D:2      | Gained mutation: Your magical nature lets you fly swiftly
                  | and evasively. [Tengu growth]
  1186 | D:2      | Reached XP level 5. HP: 33/33 MP: 6/6
  1222 | D:2      | Noticed Terence
  1237 | D:2      | Killed Terence
  2052 | D:3      | Found a sacrificial altar of Ru.
  2128 | D:4      | Reached skill level 1 in Stealth
  2128 | D:4      | Reached XP level 6. HP: 24/38 MP: 7/7
  2281 | D:4      | Noticed Edmund
  2291 | D:4      | Killed Edmund
  2292 | D:4      | Reached skill level 6 in Axes
  2398 | D:4      | Killed from afar by an orc wizard

Illustrated notes

Levels and vault maps discovered:
D:1:      lightli_arrival_flooded_house, layout_rooms,
          hellmonk_ecumenical_altar_the_god_not_taken, serial_shops,
          nicolae_lakefront_shop, chequers_serial_rivers_room_a, st_stairs_13,
          nicolae_figureground_pulse
D:2:      layout_basic, serial_shops, shop, uniq_terence, uniq_natasha
D:3:      kennysheep_big_flooded_room, layout_loops_cross,
          lemuel_coloured_pillars_altar
D:4:      layout_rooms, uniq_edmund

Skill      XL: |  1  2  3  4  5  6 |
---------------+-------------------+-----
Axes           | 4 5 6 |  6.1
Fighting       | 4 |  4.4
Stealth        | 1 |  1.7
Armour         | 3 |  3.0
Dodging        | 3 |  3.0

Action                     |  1- 3 |  4- 6 || total
---------------------------+-------+-------++-------
  Melee: Hand axe          |    50 |   106 ||   156
         Kick              |    11 |    26 ||    37
         Peck              |     6 |    15 ||    21
 Invoke: Berserk           |       |     4 ||     4
    Use: Potion            |       |     2 ||     2
   Stab: Sleeping          |       |     1 ||     1
 Armour: Animal skin       |     4 |     3 ||     7
         Scale mail        |       |    19 ||    19
  Dodge: Dodged            |    24 |    61 ||    85

Table legend: (Time is in decaauts)
 A = Elapsed time spent in this place.
 B = Non-inter-level travel time spent in this place.
 C = Inter-level travel time spent in this place.
 D = Time resting spent in this place.
 E = Time spent auto-exploring this place.
 F = Levels seen in this place.
 G = Mean time per level.
                   A        B        C        D        E       F      G
               +--------+--------+--------+--------+--------+-----+--------+
         Total |   2351 |   2277 |     74 |    439 |   1200 |   4 |  587.8 |
       Dungeon |   2351 |   2277 |     74 |    439 |   1200 |   4 |  587.8 |
               +--------+--------+--------+--------+--------+-----+--------+

Top non-repeatable levels by time:
     D:2: 727 daAuts
     D:3: 726 daAuts
     D:1: 613 daAuts
     D:4: 284 daAuts
